General information
- name: BNet
- type: Ladder team game (AT/RT)
- host: Battle.net
- saver: RAPEDBYURGAYDAD
map: Mur'gulOasis
- players: 8
- length: 43:21
- speed: Fast
- version: 1.28 W3XP
- replay type: Public
» download(223 KB)
Players
team 1 (loser)

»
Delroy (
blue | 18 APM | 310 actions | 17:09)
3 Blademaster
2 Wind Walk
1 Critical Strike
» actions
| Build / train | 26 | |
| ESC pressed | 1 | |
| Enter build submenu | 10 | |
| Enter hero's abilities submenu | 3 | |
| Right click | 165 | |
| Select / deselect | 82 | |
| Use ability | 23 | |
310 total
» units
» upgrades
» buildings
| Altar of Storms | 1 | |
| Orc Burrow | 4 | |
| War Mill | 1 | |
| Voodoo Lounge | 1 | |
| Stronghold | 2 | |
| Beastiary | 2 | |
| Fortress | 1 | |
| Great Hall | 1 | |
13 total
» build order
08:15 Altar of Storms
08:45 Orc Burrow
09:22 War Mill
10:11 Voodoo Lounge
10:59 Stronghold
10:59 Stronghold
11:04 Orc Burrow
11:08 Orc Burrow
12:52 Orc Burrow
13:46 Beastiary
13:48 Beastiary
14:42 Fortress
15:19 Great Hall
» items
| Healing Salve | 1 | |
| Lesser Clarity Potion | 2 | |
| Scroll of Speed | 1 | |
4 total

»
guitarslayer63 (
yellow | 75 APM | 1994 actions | 26:26)
3 Blademaster
2 Wind Walk
1 Critical Strike
2 Tauren Chieftain
1 War Stomp
1 Endurance Aura
» actions
| Assign group hotkey | 39 | |
| Basic commands | 29 | |
| Build / train | 54 | |
| Enter build submenu | 22 | |
| Enter hero's abilities submenu | 5 | |
| Give item / drop item | 1 | |
| Remove unit from queue | 8 | |
| Right click | 1235 | |
| Select / deselect | 321 | |
| Select group hotkey | 223 | |
| Use ability | 57 | |
1994 total
» units
| Peon | 10 | |
| Grunt | 8 | |
| Raider | 7 | |
| Chimaera | -5 | |
| Wind Rider | 1 | |
21 total
» upgrades
| Melee Weapons | 3 | |
| Armor | 2 | |
| Berserker Strength | 1 | |
| Ensnare | 1 | |
| Pillage | 1 | |
| Shaman Training | 1 | |
9 total
» buildings
| Altar of Storms | 1 | |
| Barracks | 1 | |
| Orc Burrow | 5 | |
| Voodoo Lounge | 1 | |
| War Mill | 1 | |
| Watch Tower | 3 | |
| Stronghold | 2 | |
| Beastiary | 2 | |
| Fortress | 1 | |
| Spirit Lodge | 1 | |
18 total
» build order
00:09 Altar of Storms
00:15 Barracks
00:37 Orc Burrow
01:56 Voodoo Lounge
02:33 Orc Burrow
03:05 War Mill
04:30 Watch Tower
05:01 Stronghold
05:01 Stronghold
05:44 Watch Tower
06:19 Orc Burrow
09:28 Orc Burrow
09:33 Watch Tower
10:05 Beastiary
12:16 Beastiary
12:33 Fortress
14:04 Spirit Lodge
14:42 Orc Burrow
» items
| Healing Salve | 3 | |
| Lesser Clarity Potion | 1 | |
| Scroll of Speed | 1 | |
| Scroll of Town Portal | 1 | |
6 total
stealtlowercase (
red | 100 APM | 4354 actions | 43:20)
6 Blademaster
3 Wind Walk
2 Critical Strike
1 Bladestorm
5 Shadow Hunter
3 Hex
2 Healing Wave
» actions
| Assign group hotkey | 140 | |
| Basic commands | 143 | |
| Build / train | 120 | |
| ESC pressed | 2 | |
| Enter build submenu | 47 | |
| Enter hero's abilities submenu | 11 | |
| Give item / drop item | 3 | |
| Remove unit from queue | 2 | |
| Right click | 1739 | |
| Select / deselect | 481 | |
| Select group hotkey | 1458 | |
| Use ability | 208 | |
4354 total
» units
| Peon | 11 | |
| Grunt | 6 | |
| Troll Headhunter/Berserker | 13 | |
| Tauren | 4 | |
| Troll Batrider | 2 | |
| Shaman | 2 | |
| Kodo Beast | 1 | |
39 total
» upgrades
| Armor | 3 | |
| Ranged Weapons | 3 | |
| Berserker Strength | 1 | |
| Berserker Upgrade | 1 | |
| Reinforced Defenses | 1 | |
| Pillage | 1 | |
| Troll Regeneration | 1 | |
| Spiked Barricades | 3 | |
| War Drums Damage Increase | 1 | |
| Melee Weapons | 3 | |
| Shaman Training | 2 | |
| Pulverize | 1 | |
| Ensnare | 2 | |
| Liquid Fire | 1 | |
| Witch Doctor Training | 2 | |
| Spirit Walker Training | 2 | |
| Burning Oil | 1 | |
| Envenomed Spears | 1 | |
30 total
» buildings
| Orc Burrow | 8 | |
| Altar of Storms | 1 | |
| Barracks | 2 | |
| Voodoo Lounge | 1 | |
| War Mill | 1 | |
| Stronghold | 2 | |
| Fortress | 2 | |
| Watch Tower | 20 | |
| Beastiary | 3 | |
| Spirit Lodge | 2 | |
| Tauren Totem | 2 | |
44 total
» build order
00:06 Orc Burrow
00:11 Orc Burrow
00:49 Altar of Storms
01:18 Barracks
01:51 Voodoo Lounge
02:19 War Mill
02:59 Orc Burrow
04:04 Stronghold
06:43 Fortress
06:43 Fortress
07:43 Orc Burrow
08:06 Watch Tower
08:13 Watch Tower
08:49 Watch Tower
08:51 Watch Tower
12:00 Beastiary
12:39 Watch Tower
14:33 Watch Tower
14:34 Watch Tower
14:38 Watch Tower
14:42 Watch Tower
15:49 Watch Tower
15:50 Watch Tower
16:50 Orc Burrow
16:57 Orc Burrow
17:48 Watch Tower
17:49 Watch Tower
18:19 Spirit Lodge
21:02 Watch Tower
21:02 Watch Tower
21:03 Watch Tower
21:04 Watch Tower
21:06 Watch Tower
21:23 Tauren Totem
21:28 Tauren Totem
21:42 Watch Tower
27:16 Watch Tower
32:54 Spirit Lodge
32:57 Beastiary
33:04 Barracks
33:13 Beastiary
33:24 Orc Burrow
33:34 Orc Burrow
» items
| Healing Salve | 4 | |
| Lesser Clarity Potion | 1 | |
| Circlet of Nobility | 2 | |
| Boots of Speed | 2 | |
| Periapt of Vitality | 2 | |
| Potion of Lesser Invulnerability | 1 | |
| Scroll of Town Portal | 1 | |
| Orb of Lightning | 2 | |
| Tiny Great Hall | 1 | |
16 total
Newbs. (
green | 18 APM | 295 actions | 16:37)
3 Keeper of the Grove
2 Entangling Roots
1 Thorns Aura
» actions
| Basic commands | 17 | |
| Build / train | 41 | |
| Enter build submenu | 14 | |
| Enter hero's abilities submenu | 3 | |
| Right click | 62 | |
| Select / deselect | 134 | |
| Use ability | 24 | |
295 total
» units
» upgrades
| Strength of the Wild | 3 | |
| Reinforced Hides | 3 | |
| Corrosive Breath | 1 | |
7 total
» buildings
| Moon Well | 6 | |
| Altar of Elders | 1 | |
| Ancient of Wonders | 1 | |
| Hunter's Hall | 1 | |
| Tree of Ages | 1 | |
| Tree of Eternity | 1 | |
| Ancient of Wind | 1 | |
| Chimaera Roost | 3 | |
15 total
» build order
00:31 Moon Well
01:23 Altar of Elders
01:27 Moon Well
02:25 Ancient of Wonders
02:33 Hunter's Hall
03:46 Moon Well
03:49 Tree of Ages
04:50 Moon Well
06:13 Tree of Eternity
06:16 Ancient of Wind
07:52 Moon Well
08:36 Chimaera Roost
08:39 Chimaera Roost
08:43 Chimaera Roost
08:54 Moon Well
» items
| Orb of Lightning | 1 | |
| Scroll of Town Portal | 1 | |
| Healing Salve | 1 | |
| Scroll of Speed | 1 | |
| Potion of Healing | 2 | |
6 total
team 2 (winner)
rdy2work (
orange | 93 APM | 2151 actions | 23:10)
5 Mountain King
3 Storm Bolt
2 Bash
3 Paladin
2 Holy Light
1 Divine Shield
» actions
| Assign group hotkey | 21 | |
| Basic commands | 293 | |
| Build / train | 65 | |
| ESC pressed | 7 | |
| Enter build submenu | 26 | |
| Enter hero's abilities submenu | 8 | |
| Give item / drop item | 2 | |
| Right click | 665 | |
| Select / deselect | 283 | |
| Select group hotkey | 699 | |
| Use ability | 82 | |
2151 total
» units
| Peasant | 8 | |
| Footman | 7 | |
| Flying Machine | 9 | |
| Mortar Team | 7 | |
31 total
» upgrades
| Fragmentation Shards | 1 | |
| Gunpowder | 3 | |
| Flare | 1 | |
| Defend | 1 | |
| Flak Cannons | 1 | |
| Long Rifles | 1 | |
| Animal War Training | 1 | |
9 total
» buildings
| Barracks | 2 | |
| Scout Tower | 2 | |
| Farm | 13 | |
| Altar of Kings | 1 | |
| Lumber Mill | 1 | |
| Arcane Tower | 1 | |
| Arcane Vault | 1 | |
| Keep | 1 | |
| Castle | 1 | |
| Blacksmith | 1 | |
| Workshop | 2 | |
26 total
» build order
00:13 Barracks
00:15 Scout Tower
00:18 Barracks
00:22 Farm
00:37 Altar of Kings
01:12 Farm
01:31 Farm
01:45 Farm
01:55 Scout Tower
02:09 Lumber Mill
02:23 Arcane Tower
02:58 Arcane Vault
04:00 Keep
04:12 Farm
04:38 Farm
04:59 Farm
06:32 Castle
07:00 Blacksmith
07:54 Workshop
07:55 Workshop
09:23 Farm
09:24 Farm
09:45 Farm
10:35 Farm
11:15 Farm
12:39 Farm
» items
| Scroll of Regeneration | 6 | |
| Boots of Speed | 1 | |
| Lesser Clarity Potion | 2 | |
| Scroll of Town Portal | 2 | |
11 total
RAPEDBYURGAYDAD (
pink | 45 APM | 1962 actions | 43:21)
6 Blademaster
3 Wind Walk
2 Critical Strike
1 Bladestorm
» actions
| Assign group hotkey | 31 | |
| Basic commands | 279 | |
| Build / train | 74 | |
| Enter build submenu | 76 | |
| Enter hero's abilities submenu | 6 | |
| Give item / drop item | 14 | |
| Remove unit from queue | 3 | |
| Right click | 681 | |
| Select / deselect | 465 | |
| Select group hotkey | 110 | |
| Use ability | 222 | |
1962 total
» units
» upgrades
| Reinforced Defenses | 1 | |
| Ranged Weapons | 4 | |
| Armor | 4 | |
| Liquid Fire | 1 | |
| Envenomed Spears | 1 | |
| Ensnare | 1 | |
| Troll Regeneration | 1 | |
| Burning Oil | 1 | |
14 total
» buildings
| Orc Burrow | 6 | |
| Altar of Storms | 1 | |
| Barracks | 1 | |
| Voodoo Lounge | 5 | |
| War Mill | 2 | |
| Watch Tower | 68 | |
| Stronghold | 1 | |
| Fortress | 1 | |
| Great Hall | 3 | |
| Beastiary | 5 | |
93 total
» build order
00:11 Orc Burrow
00:52 Altar of Storms
00:53 Barracks
01:09 Orc Burrow
01:50 Voodoo Lounge
02:41 War Mill
03:55 Watch Tower
04:17 Stronghold
04:19 Watch Tower
05:19 Watch Tower
05:24 Watch Tower
05:25 Watch Tower
05:39 Watch Tower
05:40 Watch Tower
05:49 Orc Burrow
06:18 Orc Burrow
06:54 Watch Tower
06:57 Watch Tower
08:48 Fortress
09:51 Great Hall
09:54 Watch Tower
09:55 Watch Tower
09:55 Watch Tower
09:55 Watch Tower
10:25 Watch Tower
10:27 Watch Tower
10:30 Watch Tower
10:31 Watch Tower
11:40 Watch Tower
11:45 Watch Tower
11:48 Watch Tower
11:50 Watch Tower
11:53 Voodoo Lounge
12:06 War Mill
13:08 Beastiary
13:08 Beastiary
13:10 Beastiary
13:12 Beastiary
13:13 Beastiary
17:23 Great Hall
17:35 Watch Tower
17:36 Watch Tower
17:36 Watch Tower
17:37 Watch Tower
17:37 Watch Tower
17:38 Watch Tower
17:39 Watch Tower
17:40 Watch Tower
17:47 Watch Tower
17:47 Watch Tower
17:48 Watch Tower
17:49 Watch Tower
17:49 Watch Tower
17:50 Watch Tower
17:50 Watch Tower
17:51 Watch Tower
17:51 Watch Tower
17:51 Watch Tower
17:56 Voodoo Lounge
17:57 Watch Tower
17:57 Watch Tower
19:47 Great Hall
19:52 Voodoo Lounge
19:53 Watch Tower
19:54 Watch Tower
19:56 Voodoo Lounge
19:56 Watch Tower
20:03 Watch Tower
20:03 Watch Tower
20:05 Watch Tower
20:05 Watch Tower
20:06 Watch Tower
20:08 Watch Tower
20:50 Watch Tower
20:51 Watch Tower
20:51 Watch Tower
20:51 Watch Tower
20:52 Watch Tower
20:55 Watch Tower
20:55 Watch Tower
20:56 Watch Tower
22:09 Watch Tower
22:10 Watch Tower
22:11 Watch Tower
22:12 Watch Tower
34:15 Orc Burrow
34:16 Orc Burrow
» items
| Healing Salve | 7 | |
| Potion of Healing | 4 | |
| Potion of Mana | 2 | |
| Orb of Lightning | 1 | |
| Lesser Clarity Potion | 1 | |
| Staff of Teleportation | 1 | |
| Scroll of Town Portal | 1 | |
17 total
TRU-DETECTIVE (
teal | 38 APM | 1655 actions | 43:20)
5 Blademaster
3 Wind Walk
2 Critical Strike
» actions
| Assign group hotkey | 27 | |
| Basic commands | 140 | |
| Build / train | 59 | |
| Enter build submenu | 27 | |
| Enter hero's abilities submenu | 5 | |
| Give item / drop item | 8 | |
| Right click | 642 | |
| Select / deselect | 230 | |
| Select group hotkey | 422 | |
| Use ability | 90 | |
1655 total
» units
» upgrades
| Reinforced Defenses | 1 | |
| Ranged Weapons | 2 | |
| Armor | 2 | |
5 total
» buildings
| Altar of Storms | 1 | |
| Orc Burrow | 9 | |
| Voodoo Lounge | 3 | |
| Stronghold | 3 | |
| War Mill | 1 | |
| Beastiary | 3 | |
| Fortress | 2 | |
| Watch Tower | 17 | |
39 total
» build order
00:08 Altar of Storms
00:19 Orc Burrow
01:21 Voodoo Lounge
01:24 Voodoo Lounge
02:14 Stronghold
02:14 Stronghold
02:38 Orc Burrow
02:40 Orc Burrow
02:41 Orc Burrow
03:27 War Mill
04:43 Beastiary
04:45 Beastiary
04:53 Orc Burrow
05:25 Fortress
05:26 Fortress
05:29 Watch Tower
05:30 Watch Tower
06:23 Watch Tower
06:42 Watch Tower
06:45 Watch Tower
07:15 Watch Tower
07:16 Watch Tower
07:40 Orc Burrow
09:36 Watch Tower
09:44 Watch Tower
11:29 Watch Tower
11:30 Watch Tower
11:31 Watch Tower
11:32 Watch Tower
11:33 Watch Tower
11:55 Watch Tower
12:14 Watch Tower
12:41 Voodoo Lounge
13:01 Watch Tower
13:18 Orc Burrow
14:22 Beastiary
20:23 Orc Burrow
20:52 Orc Burrow
» items
| Healing Salve | 4 | |
| Lesser Clarity Potion | 1 | |
| Staff of Teleportation | 1 | |
| Dust of Appearance | 1 | |
| Orb of Lightning | 1 | |
| Tiny Great Hall | 2 | |
| Potion of Healing | 3 | |
13 total
Raiden3443 (
purple | 18 APM | 792 actions | 43:20)
4 Dreadlord
2 Sleep
2 Vampiric Aura
» actions
| Assign group hotkey | 5 | |
| Basic commands | 12 | |
| Build / train | 66 | |
| Enter build submenu | 20 | |
| Enter hero's abilities submenu | 4 | |
| Remove unit from queue | 5 | |
| Right click | 359 | |
| Select / deselect | 247 | |
| Select group hotkey | 15 | |
| Use ability | 51 | |
792 total
» units
| Acolyte | 2 | |
| Crypt Fiend | 10 | |
| Ghoul | 3 | |
| Frost Wyrm | 3 | |
| Mortar Team | 3 | |
| Knight | 7 | |
| Peasant | 6 | |
34 total
» upgrades
| Creature Attack | 2 | |
| Creature Carapace | 1 | |
| Web | 1 | |
| Burrow | 1 | |
| Freezing Breath | 1 | |
| Flying Machine Bombs | 1 | |
7 total
» buildings
| Ziggurat | 8 | |
| Graveyard | 1 | |
| Altar of Darkness | 1 | |
| Crypt | 1 | |
| Tomb of Relics | 1 | |
| Spirit Tower | 5 | |
| Nerubian Tower | 2 | |
| Halls of the Dead | 1 | |
| Black Citadel | 1 | |
| Sacrificial Pit | 1 | |
| Boneyard | 1 | |
| Necropolis | 1 | |
24 total
» build order
00:28 Ziggurat
00:38 Graveyard
00:52 Altar of Darkness
01:09 Crypt
01:34 Ziggurat
02:00 Tomb of Relics
03:00 Ziggurat
03:04 Spirit Tower
03:51 Ziggurat
04:35 Nerubian Tower
06:10 Halls of the Dead
06:57 Ziggurat
07:09 Ziggurat
07:12 Spirit Tower
07:48 Spirit Tower
10:28 Black Citadel
10:36 Sacrificial Pit
12:17 Spirit Tower
12:23 Nerubian Tower
13:04 Boneyard
14:44 Necropolis
15:28 Ziggurat
15:31 Ziggurat
17:38 Spirit Tower
» items
| Dust of Appearance | 1 | |
| Potion of Healing | 2 | |
| Potion of Mana | 1 | |
| Scroll of Town Portal | 1 | |
| Scroll of Healing | 1 | |
6 total
Chat log
(00:52 / All) TRU-DETECTIVE: who here has got owned by bloodmage harass
(01:04 / All) guitarslayer63: am i about to find out?
(01:07 / All) TRU-DETECTIVE: and whos ename is delroy
(01:31 / All) TRU-DETECTIVE: delroy ar eu drunk
(02:07 / All) RAPEDBYURGAYDAD: 1 out of 8 people are gay, that means 1 gay here
(02:08 / All) RAPEDBYURGAYDAD: it's not me
(02:21 / All) Raiden3443: meeeeeee
(02:32 / All) stealtlowercase: purp is a gay?
(02:33 / All) RAPEDBYURGAYDAD: everybody guard your buttholes and don't drop the soap
(03:08 / All) Newbs.: My Holy Bible States By GOD, no homosexual shall enter the Kingdom of GOD in this life or the next
(03:16 / All) Newbs.: queers shall burn in HELL
(03:23 / All) RAPEDBYURGAYDAD: amen brother
(03:23 / All) Raiden3443: burn them all
(03:24 / All) RAPEDBYURGAYDAD: preach it
(03:24 / All) stealtlowercase: green is a queer
(03:36 / All) TRU-DETECTIVE: lagging
(03:38 / All) Newbs.: red just Identified himself
(03:41 / All) Newbs.: red is fagget
(03:47 / All) stealtlowercase: I played with you before
(03:47 / All) guitarslayer63: i identify as an apache helicopter
(03:53 / All) guitarslayer63: make seperate bathrooms for me
(03:58 / All) stealtlowercase: and I know you're a homo green
(04:07 / All) Newbs.: The HOLY BIBLE IS THE WORD OF GOD AMEN
(04:35 / All) Newbs.: no homosexuals, queer, lesbians, etc.. Shall Enter into rest in this life or the next
(04:43 / All) Newbs.: BIBLE CODES
(05:05 / All) Raiden3443: those dam bibles and there bible rules
(05:25 / All) Newbs.: The HOLY BIBLE IS THE SUPREME WORD OF GOD
(05:44 / All) Raiden3443: my soul needs saving
(05:52 / Allies) TRU-DETECTIVE: wood plz
(06:09 / All) Newbs.: red. are you a queer? homosexual?
(06:10 / Allies) TRU-DETECTIVE: to u
(06:10 / Allies) TRU-DETECTIVE: oj
(06:21 / Allies) rdy2work: I got boots
(06:25 / All) stealtlowercase: No but I think you are
(06:25 / Allies) rdy2work: gave back
(06:28 / Allies) TRU-DETECTIVE: thx
(06:45 / All) Newbs.: red is a fag, doesn't Agree with The Bible CODES
(06:57 / All) stealtlowercase: I just remember you being a gay in another match
(06:58 / All) stealtlowercase: that's all
(07:14 / All) Newbs.: shut your anus queer boy red
(07:32 / All) Newbs.: REPENT
(08:07 / All) TRU-DETECTIVE: WOOD PLZ
(08:10 / Allies) Raiden3443: oj
(08:13 / Allies) rdy2work: no
(08:28 / All) TRU-DETECTIVE: delroy u bakc
(08:39 / All) Delroy: u are teh haxxor?
(09:23 / All) Newbs.: The High Lord Giveth And The High Lord Taketh Away
(09:25 / All) Newbs.: Amen
(09:31 / All) Newbs.: Bible Supremacy
(09:45 / All) Delroy: Rather chatty game huh?
(09:57 / Allies) TRU-DETECTIVE: protect
(09:58 / Allies) TRU-DETECTIVE: pinks expo
(10:05 / Allies) Raiden3443: really
(10:07 / Allies) rdy2work: how about you make some units
(10:19 / All) Newbs.: yall just a bunch of pussy mutes
(10:26 / All) Newbs.: SILENCE newbs
(10:54 / Allies) TRU-DETECTIVE: wood plz getting expo
(11:09 / Allies) TRU-DETECTIVE: wood
(11:52 / Allies) TRU-DETECTIVE: stay by my expo niggers god
(12:08 / All) stealtlowercase: Green doing nothing all fucking game then jacking my item
(12:38 / Allies) Raiden3443: chims
(14:09 / Allies) TRU-DETECTIVE: my bm
(14:11 / Allies) RAPEDBYURGAYDAD: bring ur ass here
(14:12 / Allies) TRU-DETECTIVE: didnt go wher ei said it to
(14:40 / Allies) RAPEDBYURGAYDAD: nice item
(14:55 / Allies) TRU-DETECTIVE: hit yellow
(14:57 / Allies) Raiden3443: gld pink
(15:02 / Allies) RAPEDBYURGAYDAD: watch out yellow is a maniac
(15:23 / Allies) Raiden3443: pink or teal can i have gld i just lost my main
(15:46 / All) Newbs.: Gg, red the homosexual is TKing
(15:52 / All) Delroy: meh very poor game.
(15:55 / All) stealtlowercase: You said you were going to tk me
(15:55 / All) Delroy: glad i afked it.
(15:55 / All) Newbs.: red is spreading his butt cheeks open for your team
(16:00 / All) stealtlowercase: surprised I kill you first faggot?
(16:12 / All) Newbs.: red is a fagget
(16:17 / All) Delroy: agreed.
(16:19 / All) Newbs.: thank him for your win
(16:22 / All) stealtlowercase: Green is a little cocksucker mad I beat him to tking
(16:25 / All) Delroy: teal wtf bro
(16:33 / All) TRU-DETECTIVE: u never
(16:35 / All) TRU-DETECTIVE: said
(16:41 / All) TRU-DETECTIVE: u never responses
(16:45 / All) Delroy: i was afk lol
(18:09 / Allies) TRU-DETECTIVE: wood plz
(21:20 / All) RAPEDBYURGAYDAD: good bolt
(21:29 / All) RAPEDBYURGAYDAD: (not)
(21:33 / Allies) rdy2work: it was on cd
(22:05 / All) TRU-DETECTIVE: delroy called u a "nigger orc" red
(22:12 / All) stealtlowercase: lol
(23:13 / All) RAPEDBYURGAYDAD: lol
(23:43 / Allies) TRU-DETECTIVE: oop sosorry
(23:56 / Allies) Raiden3443: why do i not belive that lol
(24:48 / Allies) Raiden3443: teal help would be good
(26:29 / All) RAPEDBYURGAYDAD: tt
(27:23 / All) RAPEDBYURGAYDAD: stop being a wanker purple
(27:29 / All) RAPEDBYURGAYDAD: kill orange base please
(27:35 / All) RAPEDBYURGAYDAD: purple is being a wanker
(27:35 / Allies) Raiden3443: y
(27:59 / Allies) Raiden3443: whats the point of this game being so long
(28:10 / Allies) RAPEDBYURGAYDAD: what's the point of anything
(28:16 / All) RAPEDBYURGAYDAD: rod kill orange base please
(28:19 / All) RAPEDBYURGAYDAD: purple is being a wanker
(28:22 / All) stealtlowercase: k
(29:54 / Allies) Raiden3443: you guys are in clan s4s
(30:05 / All) TRU-DETECTIVE: why do u ask
(30:09 / Allies) Raiden3443: you
(30:17 / All) TRU-DETECTIVE: will u ban us?
(30:20 / All) RAPEDBYURGAYDAD: clans s4s are our mortal enemeis
(30:41 / All) stealtlowercase: is blue s4s
(30:53 / Allies) Raiden3443: tru is
(30:56 / All) TRU-DETECTIVE: delroy is
(30:59 / All) TRU-DETECTIVE: how do u know i am?
(31:02 / Allies) Raiden3443: i know it im in clan
(31:08 / All) TRU-DETECTIVE: alt?
(31:09 / Allies) Raiden3443: not this account
(31:12 / All) TRU-DETECTIVE: sleep train?
(31:14 / All) RAPEDBYURGAYDAD: should we let purple win he's one of us
(31:18 / All) RAPEDBYURGAYDAD: he's a clan s4s brother
(31:20 / All) RAPEDBYURGAYDAD: !!!
(31:26 / All) stealtlowercase: Clan s4s has to lose
(31:26 / All) TRU-DETECTIVE: aka purp?
(31:28 / All) TRU-DETECTIVE: dont tell me
(31:31 / All) TRU-DETECTIVE: ur that sick fuck
(31:32 / All) TRU-DETECTIVE: texas
(31:33 / All) RAPEDBYURGAYDAD: we're s4s brothers
(31:36 / All) RAPEDBYURGAYDAD: just kidding
(31:37 / Allies) Raiden3443: subzero3443
(31:43 / All) RAPEDBYURGAYDAD: we're s4z, it's better than s4s
(31:56 / Allies) Raiden3443: well same here technically
(35:15 / All) TRU-DETECTIVE: 2 building left
(35:17 / All) TRU-DETECTIVE: no he aint
(35:22 / Allies) TRU-DETECTIVE: im asking delroy
(35:26 / All) TRU-DETECTIVE: im asking delroy
(35:28 / All) TRU-DETECTIVE: my friend
(35:32 / All) TRU-DETECTIVE: wo said u were anigger orc
(35:35 / All) stealtlowercase: asking what
(35:41 / All) TRU-DETECTIVE: how u were being a dick, which were his words
(35:48 / All) stealtlowercase: lol
(35:52 / All) TRU-DETECTIVE: i find it funny i mean
(35:55 / All) RAPEDBYURGAYDAD: peek a boo
(35:56 / All) RAPEDBYURGAYDAD: I see you
(36:15 / All) TRU-DETECTIVE: he said
(36:18 / All) TRU-DETECTIVE: yellow just sucked
(36:22 / All) TRU-DETECTIVE: nad lost whole army to creeps
(36:30 / All) TRU-DETECTIVE: and said red killed our NE who teched
(36:42 / All) stealtlowercase: lol
(36:44 / All) TRU-DETECTIVE: ah
(36:47 / All) TRU-DETECTIVE: delroy is defending u
(36:57 / All) TRU-DETECTIVE: he said u tked green after he bought the orb of lightning from ur shop
(37:07 / All) TRU-DETECTIVE: which was grounds for tk
(37:10 / All) stealtlowercase: He stole my orb which was a scummy move and then said he was going to tk me
(37:25 / All) stealtlowercase: or asked "do you want to be tked" or whatever
(37:28 / All) RAPEDBYURGAYDAD: he is a man of the cloth, I respect him
(37:37 / All) TRU-DETECTIVE: blue would have tked with us, i know him
(37:44 / All) stealtlowercase: he had a lot of chims and I wasn't sure I'd be able to take them in time if he wanted to tk
(38:02 / All) stealtlowercase: so I killed them when he was fighting pink and then destroyed his base
(38:42 / All) RAPEDBYURGAYDAD: purple gave his resources to orange
(39:33 / All) Raiden3443: im a team player how was i suppose to know a tk was going to happen
(39:42 / All) TRU-DETECTIVE: delroy is "LMAO
(39:46 / All) RAPEDBYURGAYDAD: I have 31 peon
(39:46 / All) TRU-DETECTIVE: at what a mexican standoff is
(39:51 / All) TRU-DETECTIVE: said he would have left pc on all night
(41:01 / All) TRU-DETECTIVE: delroy is talking
(41:06 / All) TRU-DETECTIVE: to the guy we put in a 34 hour standsoff
(41:09 / All) TRU-DETECTIVE: hes in clan s4s too
(41:21 / All) stealtlowercase: lol
(41:22 / All) TRU-DETECTIVE: socapolcapyse or w/e
(42:02 / All) TRU-DETECTIVE: end it. purp aint talking or leaving
(42:05 / All) TRU-DETECTIVE: my liege
(42:13 / All) RAPEDBYURGAYDAD: purple are oyu sad to lose?
(42:57 / All) RAPEDBYURGAYDAD: 15 seconds and you lose